 Dungeon Crawl Stone Soup version 0.25-a0-388-g41a7e554cb (webtiles) character file.

Game seed: 3784893218793550149, levelgen mode: deterministic

497 sankara the Grave Robber (level 7, -1/59 HPs)
             Began as a Ghoul Necromancer on Jan 7, 2020.
             Slain by a hound (4 damage)
             ... on level 4 of the Dungeon.
             The game lasted 00:18:49 (4683 turns).

sankara the Grave Robber (Ghoul Necromancer)        Turns: 4683, Time: 00:18:49

Health: -1/59      AC:  4    Str: 13    XL:     7   Next: 15%
Magic:  17/17      EV: 12    Int: 11    God:
Gold:   162        SH:  3    Dex:  9    Spells: 7/9 levels left

rFire    . . .     SeeInvis .   t - +1 trident (vamp) {!w}
rCold    + . .     Gourm    .   u - +0 buckler
rNeg     + + +     Faith    .   l - +0 leather armour
rPois    ∞         Spirit   .   e - +0 helmet
rElec    .         Reflect  .   (no cloak)
rCorr    .         Harm     .   (no gloves)
MR       .....                  (no boots)
Stlth    +.........             (no amulet)
HPRegen  0.00/turn              p - ring of magical power {MP+9}
MPRegen  0.15/turn              (no ring)

@: rotting
A: rotting body, claws 1, carnivore, cold resistance 1, negative energy
resistance 3, inhibited regeneration, torment resistance, unbreathing
a: no special abilities


You were on level 4 of the Dungeon.
You were not hungry.

You visited 1 branch of the dungeon, and saw 5 of its levels.

You collected 162 gold pieces.

Inventory:

Hand Weapons
 g - a +2 short sword of speed
   (You took it off a kobold on level 1 of the Dungeon)
 t - a +1 vampiric trident (weapon) {!w}
   (You took it off an orc on level 4 of the Dungeon)
 w - a +2 flail of draining
   (You took it off a gnoll on level 3 of the Dungeon)
 x - a +0 spear
   (You took it off a gnoll on level 3 of the Dungeon)
Missiles
 b - 127 stones
 d - 67 sling bullets
 r - 5 boomerangs
 y - 9 poisoned darts (quivered)
Armour
 a - a +0 robe
 e - a +0 helmet (worn)
   (You found it on level 1 of the Dungeon)
 l - a +0 leather armour (worn)
   (You found it on level 2 of the Dungeon)
 u - a +0 buckler (worn)
   (You found it on level 3 of the Dungeon)
Jewellery
 p - a ring of magical power (left claw) {MP+9}
   (You found it on level 2 of the Dungeon)
Scrolls
 f - 3 scrolls of remove curse
 i - a scroll of identify {unknown}
 m - 2 scrolls of noise {unknown}
 n - a scroll of magic mapping {unknown}
 o - a scroll of random uselessness {unknown}
 v - 2 scrolls of teleportation {unknown}
 B - a scroll of enchant armour {unknown}
 C - 4 scrolls of immolation {unknown}
Potions
 h - a potion of haste {unknown}
 j - 2 potions of heal wounds {unknown}
 k - a potion of ambrosia {unknown}
 q - a potion of might {unknown}
 s - 2 potions of degeneration {unknown}
 z - a potion of agility {unknown}
 A - a potion of lignification {unknown}
Comestibles
 c - 10 rations


   Skills:
 + Level 4.1 Fighting
 - Level 0.3 Maces & Flails
 + Level 1.6 Polearms
 - Level 3.2 Dodging
 - Level 2.1 Stealth
 + Level 2.0 Shields
 - Level 1.7 Spellcasting
 + Level 5.6 Necromancy


You had 7 spell levels left.
You knew the following spells:

 Your Spells              Type           Power        Failure   Level  Hunger
a - Pain                  Necr           ##..         4%          1    ##.....
b - Animate Skeleton      Necr           N/A          4%          1    ##.....

Your spell library contained the following spells:

 Spells                   Type           Power        Failure   Level  Hunger
 Vampiric Draining        Necr           ##........   16%         3    ####...
 Corona                   Hex            #......      45%         1    ##.....
 Magic Dart               Conj           #...         45%         1    ##.....
 Summon Small Mammal      Summ           #...         45%         1    ##.....
 Animate Dead             Necr           N/A          45%         4    #####..
 Call Imp                 Summ           #.......     58%         2    ###....
 Ensorcelled Hibernation  Hex/Ice        #.....       58%         2    ###....
 Searing Ray              Conj           #.....       58%         2    ###....
 Agony                    Necr           ##......     80%         5    ######.
 Call Canine Familiar     Summ           #.......     83%         3    ####...
 Confuse                  Hex            #.......     83%         3    ####...
 Dazzling Flash           Conj/Hex       #.....       83%         3    ####...
 Summon Guardian Golem    Hex/Summ       #.......     83%         3    ####...
 Tukima's Dance           Hex            #.......     83%         3    ####...
 Fulminant Prism          Conj/Hex       #.........   99%         4    #####..
 Iskenderun's Mystic Bla  Conj/Tloc      #.......     99%         4    #####..
 Summon Ice Beast         Ice/Summ       #.......     99%         4    #####..
 Summon Lightning Spire   Summ/Air       #.......     99%         4    #####..


Dungeon Overview and Level Annotations

Branches:
Dungeon (5/15)
 Temple: D:4-7

Altars:
Fedhas
Hepliaklqana
Nemelex Xobeh
Qazlal
Sif Muna
Uskayaw
Vehumet


Innate Abilities, Weirdness & Mutations

Your body is rotting away.
You thrive on raw meat.
You are immune to poison.
You have sharp fingernails.
You are carnivorous and can eat meat at any time.
Your flesh is cold resistant. (rC+)
You are immune to negative energy. (rN+++)
You do not regenerate when monsters are visible.
You are immune to unholy pain and torment.
You can survive without breathing.


Message History

The iguana misses you.
Your adder skeleton bites the iguana.
The iguana closely misses you.
You closely miss the iguana.
The iguana is lightly wounded.
Your adder skeleton closely misses the iguana.
The iguana bites you.
You hit the iguana.
You feel better.
The iguana is heavily wounded.
Your adder skeleton barely misses the iguana.
The iguana barely misses you.
Your adder skeleton bites the iguana.
You hit the iguana but do no damage.
The iguana is severely wounded.
The iguana barely misses you.
Your adder skeleton bites the iguana but does no damage.
The iguana bites your adder skeleton.
You closely miss the iguana.
The iguana is severely wounded.
Your adder skeleton bites the iguana.
The iguana bites you.
Your adder skeleton barely misses the iguana.
A gnoll comes into view. It is wielding a +0 halberd.
You barely miss the iguana.
The iguana is severely wounded.
The iguana closely misses you.
Your adder skeleton bites the iguana but does no damage.
You closely miss the iguana.
The iguana is severely wounded.
Your adder skeleton bites the iguana but does no damage.
The iguana bites your adder skeleton. You block the gnoll's attack.
Your adder skeleton closely misses the iguana.
You barely miss the iguana.
The iguana is severely wounded.
The iguana closely misses you. The gnoll barely misses you.
Your adder skeleton barely misses the iguana.
The iguana barely misses you.
You hit the iguana but do no damage.
The iguana is severely wounded.
You block the gnoll's attack.
Your adder skeleton bites the iguana but does no damage.
The iguana bites you!
You are too injured to fight recklessly!
You are too injured to fight recklessly!
You are too injured to fight recklessly!
You are too injured to fight recklessly!
You are too injured to fight recklessly!
You hit the iguana but do no damage.
The iguana is severely wounded.
Your adder skeleton bites the iguana but does no damage.
The gnoll closely misses you. The iguana barely misses you.
Your adder skeleton bites the iguana but does no damage.
You barely miss the iguana.
The iguana is severely wounded.
The gnoll hits you from afar with a +0 halberd.
You block the iguana's attack.
Your adder skeleton bites the iguana but does no damage.
You hit the iguana.
You feel better.
The iguana is severely wounded.
The iguana barely misses you.
The gnoll hits you from afar with a +0 halberd.
Your adder skeleton bites the iguana.
The iguana bites your adder skeleton!
Your adder skeleton is destroyed!
You hit the iguana but do no damage.
The iguana is almost dead.
A hound comes into view.
The gnoll hits you from afar with a +0 halberd.
The iguana bites you.
You barely miss the iguana.
The iguana is almost dead.
The gnoll closely misses you. The iguana bites you!
The hound barks!
You barely miss the iguana.
The iguana is almost dead.
The gnoll misses you. The iguana bites you.
* * * LOW HITPOINT WARNING * * *
The hound closely misses you. You block the hound's attack.
The hound bites you.
* * * LOW HITPOINT WARNING * * *
The hound bites you but does no damage. You block the hound's attack.
The hound barely misses you. The hound bites you.
* * * LOW HITPOINT WARNING * * *
The hound closely misses you. The hound misses you.
The hound bites you but does no damage. The hound bites you.
* * * LOW HITPOINT WARNING * * *
The hound pauses to sniff the ground.
The hound misses you. The hound bites you but does no damage.
There is a stone staircase leading up here.
Okay, then.
The hound misses you.
You climb upwards.
There is a stone staircase leading down here.
Attack whom?
Press: ? - help, Dir - move target cursor, f - hound
Aim: a hound You closely miss the hound.
The hound bites you.
You die...

#.# #<# ## #########Z# #.# #
#..ZZ.Z...# #.#
#.############# #.###
##.............#####...######
#...####...........##.......#
#......#.......#.......###...
#[..##Z#...........##..#.....
###.##(#....@....#.##..#.#...
####........h.....#.....#.##.#
#.......##...................#
#.#####.#####.###.#..##.######
#.##....# #.###.......#
#.##.##.#####........####
#.##Z##.##.....#####.# ##
#...Z...##.###.......########.
####.#####.# ##########.....#.


You could see a hound.

Vanquished Creatures
  An ogre (D:4)
  A scorpion (D:5)
  Natasha (twice) (D:4)
  6 adders
  4 gnolls (D:3)
  An ooze (D:4)
  4 worms
  3 dart slugs (D:2)
  2 leopard geckos
  6 orcs
  4 bats
  3 giant cockroaches
  2 goblins
  8 hobgoblins
  2 jackals (D:2)
  A quokka (D:3)
  7 frilled lizards
  8 kobolds
  A quokka skeleton (D:4)
  7 rats
73 creatures vanquished.

Vanquished Creatures (collateral kills)
  An orc warrior (D:4)
  Purgy (D:3)
  Natasha (D:4)
  2 orcs
  A bat (D:2)
  A kobold (D:3)
  A rat (D:3)
8 creatures vanquished.

Grand Total: 81 creatures vanquished

Notes
Turn   | Place    | Note
-------+----------+-------------------------------------------
     0 | D:1      | sankara the Ghoul Necromancer began the quest for the Orb.
     0 | D:1      | Reached XP level 1. HP: 14/14 MP: 2/2
     2 | D:1      | Learned a level 1 spell: Animate Skeleton
   241 | D:1      | Reached skill level 2 in Dodging
   280 | D:1      | Reached XP level 2. HP: 20/20 MP: 3/3
   396 | D:1      | Reached skill level 1 in Fighting
  1336 | D:1      | Reached XP level 3. HP: 23/26 MP: 0/4
  1502 | D:2      | Reached skill level 2 in Fighting
  1562 | D:2      | Reached XP level 4. HP: 27/35 MP: 5/5
  1639 | D:2      | Found a radiant altar of Vehumet.
  2203 | D:3      | Found a sparkling altar of Nemelex Xobeh.
  2205 | D:3      | Found a hide-covered altar of Uskayaw.
  2205 | D:3      | Found a stormy altar of Qazlal.
  2205 | D:3      | Found a shimmering blue altar of Sif Muna.
  2464 | D:3      | Noticed Purgy
  2485 | D:3      | HP: 9/37 [Purgy (2)]
  2487 | D:3      | Killed Purgy
  2487 | D:3      | Reached skill level 3 in Fighting
  2487 | D:3      | Reached skill level 3 in Dodging
  2487 | D:3      | Reached skill level 5 in Necromancy
  2487 | D:3      | Reached XP level 5. HP: 8/45 MP: 1/6
  2635 | D:3      | Found a blossoming altar of Fedhas.
  3137 | D:4      | Reached XP level 6. HP: 49/51 MP: 7/7
  3759 | D:4      | HP: 7/47 [ogre/cursed -2 giant club (17)]
  4088 | D:4      | Reached skill level 1 in Shields
  4105 | D:4      | Noticed an orc warrior
  4112 | D:4      | Killed an orc warrior
  4112 | D:4      | Reached skill level 1 in Polearms
  4215 | D:4      | Noticed Natasha
  4234 | D:4      | Killed Natasha
  4351 | D:4      | Noticed Natasha
  4363 | D:4      | Killed Natasha
  4483 | D:4      | Noticed Natasha
  4494 | D:4      | Killed Natasha
  4494 | D:4      | Reached XP level 7. HP: 35/58 MP: 8/8
  4508 | D:5      | Entered Level 5 of the Dungeon
  4526 | D:5      | Reached skill level 4 in Fighting
  4526 | D:5      | Reached skill level 2 in Shields
  4619 | D:5      | Found a hazy altar of Hepliaklqana.
  4658 | D:5      | HP: 13/59 [iguana (5)]
  4669 | D:5      | HP: 9/59 [hound (3)]
  4676 | D:5      | HP: 3/59 [hound (6)]
  4683 | D:4      | Slain by a hound

Levels and vault maps discovered:
D:1:      wheals_arrival_shading, layout_basic
D:2:      layout_basic, lemuel_crystal_altar, chequers_garden, minivault_14,
          roderic_serpentine_path
D:3:      layout_basic, grunt_temple_overflow_open, first_ration,
          fedhas_altar_3, uniq_purgy
D:4:      layout_loops_cross, uniq_natasha
D:5:      minmay_bubble_buster, layout_loops_ring, old_standard_altar,
          chequers_arboretum, bh_walls_and_bars, uniq_ijyb

Skill      XL: |  1  2  3  4  5  6  7 |
---------------+----------------------+-----
Dodging        | 2 3 |  3.2
Fighting       | 1 2 3 4 |  4.1
Necromancy     | 5 |  5.6
Shields        | 1 2 |  2.0
Polearms       | 1 |  1.6
Maces & Flails | |  0.3
Stealth        | |  2.1
Spellcasting   | |  1.7

Action                   |  1- 3 |  4- 6 |  7- 9 || total
-------------------------+-------+-------+-------++-------
Melee: Unarmed           |     8 |       |       ||     8
       Short sword       |    99 |    91 |       ||   190
       Club              |     1 |       |       ||     1
       Flail             |       |    39 |       ||    39
       Trident           |       |    60 |    45 ||   105
Throw: Dart              |       |    13 |       ||    13
 Cast: Pain              |    24 |    36 |       ||    60
       Animate Skeleton  |    10 |    21 |     2 ||    33
  Use: Scroll            |       |     1 |       ||     1
 Stab: Sleeping          |     1 |     2 |     3 ||     6
       Distracted        |     1 |       |       ||     1
  Eat: Chunk             |     8 |    31 |     7 ||    46
Armor: Robe              |    24 |     5 |       ||    29
       Leather armour    |       |    46 |     5 ||    51
Dodge: Dodged            |    67 |   126 |    34 ||   227
Block: Buckler           |       |    12 |     7 ||    19

Table legend:
 A = Non-vault XP
 B = Vault XP
 C = Vault XP percentage of total XP
 D = Non-vault monster count
 E = Vault monster count
 F = Vault count percentage of total count
                 A         B        C        D         E       F
            +---------+---------+-------+---------+---------+-------
      Total |     582 |     128 |  18.0 |      79 |       2 |   2.5
            +---------+---------+-------+---------+---------+-------
        D:1 |      26 |       0 |   0.0 |      14 |       0 |   0.0
        D:2 |      84 |       0 |   0.0 |      25 |       0 |   0.0
        D:3 |     117 |      92 |  44.0 |      26 |       1 |   3.7
        D:4 |     269 |      36 |  11.8 |      10 |       1 |   9.1
        D:5 |      86 |       0 |   0.0 |       4 |       0 |   0.0
            +---------+---------+-------+---------+---------+-------

Levels and vault maps discovered:
D:1:      wheals_arrival_shading, layout_basic
D:2:      layout_basic, lemuel_crystal_altar, chequers_garden, minivault_14,
          roderic_serpentine_path
D:3:      layout_basic, grunt_temple_overflow_open, first_ration,
          fedhas_altar_3, uniq_purgy
D:4:      layout_loops_cross, uniq_natasha
D:5:      minmay_bubble_buster, layout_loops_ring, old_standard_altar,
          chequers_arboretum, bh_walls_and_bars, uniq_ijyb

Table legend:
 A = Turns spent in this place as a percentage of turns spent in the entire game.
 B = Non-inter-level travel turns spent in this place as a percentage of non-inter-level travel turns spent in the entire game.
 C = Inter-level travel turns spent in this place as a percentage of turns spent in this place.
 D = Turns resting spent in this place as a percentage of non-inter-level travel turns spent in this place.
 E = Turns spent auto-exploring this place as a percentage of non-inter-level travel turns spent in this place.
 F = Non-inter-level travel turns spent in this place divided by the number of levels of this place that you've seen.
                   A       B       C       D       E      F
               +-------+-------+-------+-------+-------+----------------------
         Total | 100.0 | 100.0 |   7.3 |  21.3 |  49.6 | 867.8
       Dungeon | 100.0 | 100.0 |   7.3 |  21.3 |  49.6 | 867.8
               +-------+-------+-------+-------+-------+----------------------

Table legend:
 A = Kills in this place as a percentage of kills in entire the game.
 B = Kills by you in this place as a percentage of kills by you in the entire game.
 C = Kills by friends in this place as a percentage of kills by friends in the entire game.
 D = Other kills in this place as a percentage of other kills in the entire game.
 E = Experience gained in this place as a percentage of experience gained in the entire game.
 F = Experience gained in this place divided by the number of levels of this place that you have seen.
                   A       B       C       D       E      F
               +-------+-------+-------+-------+-------+----------------------
         Total | 100.0 | 100.0 | 100.0 |   N/A | 100.0 | 142.0
       Dungeon | 100.0 | 100.0 | 100.0 |   N/A | 100.0 | 142.0
               +-------+-------+-------+-------+-------+----------------------
